Description

Good build for newer players because they're very strong. Get your economy going and defend against Hellions with Queens and Zerglings so that you can put your Roach Warren down around 5:00. Check out this guide of Serral's ZvT for more

VOD

https://www.youtube.com/watch?v=XMcVaSpXcHo

Build Order

Get SALT Encoding   

  12  0:01  Drone  
  13  0:14  Overlord  
  13  0:17  Drone  
  14  0:35  Drone x3  
  17  0:54  Hatchery  
  16  0:57  Drone  
  17  1:01  Drone  
  18  1:09  Drone  
  19  1:11  Extractor  
  18  1:18  Spawning Pool  
  19  1:39  Overlord  
  22  2:06  Queen x2, Zergling x4  
  27  2:13  Metabolic Boost  
  28  2:30  Hatchery  
  39  3:29  Queen  
  43  3:41  Queen  
  61  4:34  Spore Crawler x3  1 at each base if necessary
  65  5:00  Roach Warren  Followup with double Evo and 5 more Extractors
Spawning Tool Build Advisor. Get it on Overwolf

Analysis

In this VOD, the Terran player goes for a Hellbat-Marine push that does quite a bit of damage, so the later timings are off.

Get up to 66 Drones and then crank out Roaches and Ravagers.

If you don't win with the initial push, the game gets a lot harder.

Go to:

Details

  • Created by: lowkotv    
  • Published on: Apr 16, 2019
  • Modified on: Apr 16, 2019
  • Patch: 4.7.1
Show
View Real Time Build Order
Export as new Build Order

Comments (2)

On June 2, 2020, 2:05 p.m., Trixter  said:

You can technically go up to 21 without an ove and make it at 26 instead of one of the zergling pairs. However, after that, you will still have to add the zerglings on but just after the overlord. They should hatch as the reaper arrives or maybe a bit later. But you should be able to defend with decent micro

On May 25, 2019, 9:04 a.m., Gigalastic  said:

I don't reccomend the slightly non-standard opening times. Just do a normal hatch-gas-pool.

Create an account to comment!